 Dungeon Crawl Stone Soup version 0.29.1-15-g9cfb28693d (webtiles) character file.

Game seed: 2796669803580083190

14930 javelincjr the Fighter (level 12, -8/91 HPs)
             Began as a Djinni Conjurer on Feb 25, 2023.
             Was an Elder of Makhleb.
             Mangled by Frances
             ... wielding a +0 flail
              (30 damage)
             ... on level 12 of the Dungeon on Feb 27, 2023.
             The game lasted 01:06:22 (16533 turns).

javelincjr the Fighter (Djinni Conjurer)           Turns: 16533, Time: 01:06:23

Health: -8/91      AC:  7    Str: 10    XL:     12   Next: 51%
Gold:   923        EV: 15    Int: 27    God:    Makhleb [****..] SH:  0 Dex: 12

rFire   + + .      SeeInvis +   o - staff of conjuration
rCold   x . .      Faith    .   (no shield)
rNeg    . . .      Spirit   .   D - +0 steam dragon scales
rPois   ∞          Reflect  .   d - +1 hat
rElec   .          Harm     .   (no cloak)
rCorr   .          Rampage  .   (no gloves)
Will    +....                   (boots unavailable)
Stlth   +++.......              c - amulet of the acrobat
HPRegen 0.25/turn               r - +6 ring of intelligence
MPRegen 0.00/turn               A - ring of see invisible

@: flying, very slightly contaminated
A: sickness immunity, fire resistance 2, cold vulnerability 1, float, innate
caster, HP casting, extra vitality 1
a: Renounce Religion, Minor Destruction, Lesser Servant of Makhleb, Major
Destruction


You were on level 12 of the Dungeon.
You worshipped Makhleb.
Makhleb was greatly pleased with you.
You visited 2 branches of the dungeon, and saw 13 of its levels.

You collected 923 gold pieces.

Inventory:

Hand Weapons
 I - a +5 spear of electrocution
Armour
 d - a +1 hat (worn)
 D - +0 steam dragon scales (worn)
 U - a +3 chain mail of cold resistance
Magical Staves
 o - a staff of conjuration (weapon)
Jewellery
 c - an amulet of the acrobat (around neck)
 h - a ring of resist corrosion
 r - a +6 ring of intelligence (left hand)
 A - a ring of see invisible (right hand)
Wands
 b - a wand of flame (10)
 p - a wand of charming (7)
 G - a wand of mindburst (2)
 L - a wand of roots (6)
 Q - a wand of polymorph (3)
Scrolls
 a - a scroll of vulnerability {unknown}
 g - 2 scrolls of blinking
 j - 4 scrolls of noise
 k - 4 scrolls of fog
 l - 2 scrolls of silence
 m - 6 scrolls of teleportation
 q - 2 scrolls of poison
 y - 2 scrolls of enchant weapon {unknown}
 C - a scroll of summoning {unknown}
 H - a scroll of enchant armour {unknown}
 M - 2 scrolls of fear
 P - a scroll of acquirement {unknown}
Potions
 e - a potion of lignification
 f - 4 potions of curing
 i - a potion of haste
 v - 2 potions of ambrosia
 B - a potion of berserk rage {unknown}
 J - 2 potions of heal wounds {unknown}
 N - 3 potions of mutation {unknown}
 O - a potion of brilliance


   Skills:
 * Level 9.8 Fighting
 + Level 6.8 Armour
 + Level 8.1 Dodging
 + Level 6.7 Stealth
 * Level 8.5 Spellcasting
 + Level 5.8 Invocations


You couldn't memorise any spells.
You knew the following spells:

 Your Spells              Type           Power      Damage    Failure   Level
a - Magic Dart            Conj           100%       1d8       1%          1
b - Searing Ray           Conj           100%       2d8       1%          2
c - Dazzling Flash        Conj/Hex       100%       N/A       1%          3
d - Fulminant Prism       Conj/Hex       36%        3d18      1%          4
e - Iskenderun's Mystic   Conj/Tloc      72%        2d15      1%          4
f - Apportation           Tloc           100%       N/A       1%          1
g - Passwall              Tmut/Erth      45%        N/A       1%          2
h - Tukima's Dance        Hex            55%        N/A       1%          3
i - Inner Flame           Hex/Fire       55%        N/A       1%          3
j - Freezing Cloud        Conj/Ice/Air   36%        6-21      4%          5
Your spell library was empty.

Dungeon Overview and Level Annotations

Branches:
Dungeon (12/15)            Temple (1/1) D:7            Lair (0/5) D:8
    Orc (0/2) D:10

Altars:
Ashenzari
Cheibriados
Dithmenos
Elyvilon
Fedhas
Gozag
Hepliaklqana
Makhleb
Nemelex Xobeh
Okawaru
Qazlal
Ru
Trog
Uskayaw
Wu Jian
Xom
Yredelemnul
Zin
The Shining One

Shops:
D:8 [

Annotations:
D:12 Frances


Innate Abilities, Weirdness & Mutations

You are immune to sickness and miasma.
You are immune to poison.
Your flesh is very heat resistant. (rF++)
You are vulnerable to cold. (rC-)
You float through the air rather than walking.
You learn spells naturally, not from books.
Your magical power is your life essence.
You have superior vitality. (+4 MHP)


Message History

Your fulminant prism flickers and vanishes for a moment.
A slime creature comes into view.
You hear a loud crackle.
You hear an explosion!
The blast of energy engulfs Frances!!
Frances is lightly wounded.
Frances mutters in a terrible tongue.
The iron shot misses you.
Two slime creatures merge to form a large slime creature.
Casting: Fulminant Prism (mildly dangerous; 1% risk of failure)
Confirm with . or Enter, or press ? or * to list all spells.
Aiming: Fulminant Prism (mildly dangerous; 1% risk of failure)
Press: ? - help, Dir - move target You feel a surge of power!
You conjure a prism of explosive energy!
A fulminant prism comes into view.
A slime creature comes into view.
Two slime creatures merge to form a very large slime creature.
Your fulminant prism crackles loudly.
Frances screams a word of power!
The shard of ice hits you!!!
You feel a painful chill!
Ouch! That really hurt!
Casting: Fulminant Prism (mildly dangerous; 1% risk of failure)
Confirm with . or Enter, or press ? or * to list all spells.
Aiming: Tukima's Dance (safe; 1% risk of failure)
Press: ? - help, Shift-Dir - straight line, f - Frances
Aim: Frances, wielding a +0 flail and wearing a +0 leather armour (lightly wounded, fast, chance to affect: 12%) Frances resists with almost no effort.
* * * LOW HITPOINT WARNING * * *
Your fulminant prism explodes!
The blast of energy engulfs the very large slime creature!!!
The very large slime creature is moderately wounded.
The blast of energy engulfs Frances!!
Frances is moderately wounded.
Casting: Tukima's Dance (safe; 1% risk of failure)
Confirm with . or Enter, or press ? or * to list all spells.
You feel a surge of power!
You miscast Iskenderun's Mystic Blast.
You are very lightly contaminated with residual magic.
Nothing appears to happen.
* * * LOW HITPOINT WARNING * * *
Frances hits you with a +0 flail!!
You die...

... ... #.#
##+##J####### ##....
#....J..*4... .....
#............ #....
##+###'####### #....
#......@..# #######....
#......@..# #.....+....
#.........# #....##....
#.........# #....####'#
#.........# #.....'....
#.........# #.....#....
#.........#######'######
########................
#.....#................
#.....#................


You could see Frances (fast), a very large slime creature and a slime creature.

Vanquished Creatures
  5 two-headed ogres
  A skeletal warrior (D:9)
  An ugly thing (D:9)
  An unseen horror (D:10)
  A kobold demonologist (D:9)
  A komodo dragon (D:11)
  Psyche (D:7)
  2 trolls
  3 slime creatures (D:11)
  A hornet (D:7)
  A shadow (D:12)
  3 wyverns
  10 yaks
  2 wraiths
  4 dancing weapons
  3 steam dragons
  Edmund (D:5)
  2 wargs (D:8)
  3 water moccasins
  7 orc warriors
  3 ice beasts
  2 sky beasts
  An ogre (D:4)
  2 black bears (D:5)
  4 centaurs
  3 boggarts (D:12)
  A phantom (D:4)
  A kobold brigand (D:10)
  2 necrophages
  A gnoll sergeant (D:9)
  4 scorpions
  16 wights
  27 killer bees
  2 howler monkeys
  4 orc priests
  3 hounds
  2 iguanas (D:6)
  14 orc wizards
  7 gnolls
  12 adders
  4 white imps
  2 dart slugs (D:2)
  58 orcs
  11 ball pythons
  4 bats
  8 endoplasms
  6 giant cockroaches
  9 goblins
  8 hobgoblins
  4 jackals (D:1)
  13 kobolds
  5 quokkas
  5 frilled lizards
  6 rats
307 creatures vanquished.

Vanquished Creatures (collateral kills)
  An orc wizard (D:8)
1 creature vanquished.

Vanquished Creatures (others)
  3 dancing weapons
  71 fulminant prisms
  A plant (D:8)
75 creatures vanquished.

Grand Total: 383 creatures vanquished

Notes
Turn   | Place    | Note
-------+----------+-------------------------------------------
     0 | D:1      | javelincjr the Djinni Conjurer began the quest for the Orb.
     0 | D:1      | javelincjr set off with the following spells memorised:
                  | Magic Dart, Searing Ray, Dazzling Flash, Fulminant Prism,
                  | Iskenderun's Mystic Blast.
     0 | D:1      | Reached XP level 1. HP: 15/15 MP: 0/0
   251 | D:1      | Reached XP level 2. HP: 18/21 MP: 0/0
   698 | D:1      | Reached XP level 3. HP: 22/25 MP: 0/0
   698 | D:1      | Learned a level 1 spell: Apportation
  1527 | D:2      | Reached XP level 4. HP: 22/31 MP: 0/0
  1932 | D:2      | Noticed a scorpion
  1942 | D:2      | Killed a scorpion
  1943 | D:2      | Reached skill level 1 in Fighting
  1943 | D:2      | Reached XP level 5. HP: 12/37 MP: 0/0
  1943 | D:2      | Learned a level 2 spell: Passwall
  2228 | D:2      | Reached skill level 1 in Armour
  2418 | D:2      | Found a faded altar of an unknown god.
  3154 | D:3      | Found a burning altar of Makhleb.
  3249 | D:3      | Reached XP level 6. HP: 41/43 MP: 0/0
  3264 | D:3      | Reached skill level 2 in Fighting
  3549 | D:3      | HP: 2/43 [something (4)]
  4557 | D:3      | Became a worshipper of Makhleb the Destroyer
  4706 | D:4      | Reached XP level 7. HP: 35/49 MP: 0/0
  4706 | D:4      | Learned a level 3 spell: Tukima's Dance
  5245 | D:4      | Reached skill level 3 in Fighting
  5687 | D:5      | Entered Level 5 of the Dungeon
  5720 | D:5      | Noticed Edmund
  5727 | D:5      | Killed Edmund
  5728 | D:5      | Reached XP level 8. HP: 41/58 MP: 0/0
  5734 | D:5      | Reached skill level 4 in Fighting
  6110 | D:5      | Reached skill level 5 in Spellcasting
  6209 | D:5      | Reached * piety under Makhleb
  7239 | D:6      | Reached skill level 5 in Fighting
  7239 | D:6      | Reached skill level 5 in Dodging
  7239 | D:6      | Reached skill level 1 in Invocations
  7239 | D:6      | Reached XP level 9. HP: 51/65 MP: 0/0
  7239 | D:6      | Learned a level 3 spell: Inner Flame
  7520 | D:6      | Found a broken altar of Ashenzari.
  7872 | D:6      | Found a stormy altar of Qazlal.
  7875 | D:6      | Found a sparkling altar of Nemelex Xobeh.
  7878 | D:6      | Found a glowing golden altar of the Shining One.
  7881 | D:6      | Found a bloodstained altar of Trog.
  8523 | D:7      | Noticed a hornet
  8533 | D:7      | Killed a hornet
  8539 | D:7      | Reached skill level 6 in Fighting
  8869 | D:7      | Reached XP level 10. HP: 66/73 MP: 0/0
  9196 | D:7      | Found a staircase to the Ecumenical Temple.
  9369 | Temple   | Entered the Ecumenical Temple
  9369 | Temple   | Found a transporter.
  9369 | Temple   | Found a transporter.
  9371 | Temple   | Found a transporter.
  9371 | Temple   | Found a transporter.
  9473 | D:8      | Found Zeolaleb's Armour Emporium.
  9503 | D:8      | Reached ** piety under Makhleb
  9631 | D:8      | Found a hide-covered altar of Uskayaw.
  9708 | D:8      | Noticed a two-headed ogre
  9714 | D:8      | Noticed Psyche
  9721 | D:8      | Killed a two-headed ogre
  9722 | D:8      | Reached skill level 7 in Fighting
  9722 | D:8      | Reached skill level 5 in Stealth
 10391 | D:7      | Paralysed by Psyche for 5 turns
 10402 | D:7      | Killed Psyche
 10403 | D:7      | Reached skill level 5 in Armour
 10594 | D:8      | Found a white marble altar of Elyvilon.
 11302 | D:8      | Found a staircase to the Lair.
 11353 | D:8      | Found a glowing silver altar of Zin.
 11549 | D:8      | Reached XP level 11. HP: 66/80 MP: 0/0
 11549 | D:8      | Learned a level 5 spell: Freezing Cloud
 11570 | D:8      | Found an ornate altar of the Wu Jian Council.
 11678 | D:8      | Killed a +0 dagger
 11943 | D:9      | Found a transporter.
 12123 | D:9      | Found an iron altar of Okawaru.
 12202 | D:9      | Reached skill level 8 in Fighting
 12287 | D:9      | Reached *** piety under Makhleb
 12372 | D:9      | Noticed a skeletal warrior
 12388 | D:9      | Noticed a two-headed ogre
 12392 | D:9      | Killed a two-headed ogre
 12401 | D:9      | Killed a skeletal warrior
 12407 | D:9      | Noticed a two-headed ogre
 12411 | D:9      | Killed a two-headed ogre
 12720 | D:9      | Noticed a cyan ugly thing
 12881 | D:9      | Noticed a two-headed ogre
 12891 | D:9      | Killed a two-headed ogre
 12892 | D:9      | Reached skill level 5 in Invocations
 13032 | D:9      | Killed a cyan ugly thing
 13033 | D:9      | Reached skill level 9 in Fighting
 13432 | D:9      | Found a transporter.
 13467 | D:10     | Entered Level 10 of the Dungeon
 13748 | D:10     | Found a basalt altar of Yredelemnul.
 13946 | D:10     | Reached XP level 12. HP: 60/89 MP: 0/0
 13977 | D:10     | Reached **** piety under Makhleb
 14686 | D:7      | You are sucked into a shaft and drop 2 floors!
 14721 | D:10     | Found a staircase to the Orcish Mines.
 15034 | D:11     | Noticed a two-headed ogre
 15562 | D:11     | Killed a two-headed ogre
 16435 | D:12     | Noticed a boulder beetle
 16523 | D:12     | Noticed Frances
 16533 | D:12     | Mangled by Frances

Illustrated notes

Levels and vault maps discovered:
D:1:      scummos_arrival_gate, layout_basic, minmay_split_cup_small
D:2:      layout_loops_ring, basic_ecumenical_altar, st_stairs_10
D:3:      layout_basic, lemuel_tele_altar, minmay_goblin_kobold_house
D:4:      layout_cave_pods
D:5:      layout_loops_ring, uniq_edmund
D:6:      layout_loops_ring, grunt_temple_overflow_cloverleaf,
          ashenzari_conservatory_becter, nicolae_eternal_life,
          hangedman_decor_diamond_cutter
D:7:      layout_basic, lemuel_temple_firewalk_b
D:8:      layout_loops_ring, lemuel_coloured_pillars_altar,
          mainiacjoe_overflow_catwalk, mainiacjoe_overflow_six_doors_small,
          zin_treasury, erik_lair_orcish_takeover, serial_shops,
          nicolae_stop_n_shop_2, uniq_psyche
D:9:      wad_arrow_thing, layout_gridville, okawaru_ov_weapons_minmay,
          nicolae_diode_stairs
D:10:     layout_gridville, mainiacjoe_overflow_boulevard,
          amcnicky_altar_gilded, david_orc_5, kennysheep_crisscross
D:11:     layout_cave_pools
D:12:     layout_gridville, eino_curves_02, slow_altar_1, uniq_frances
Temple:   hellmonk_temple_divided_pantheon

Skill      XL: |  1  2  3  4  5  6  7  8  9 10 11 12 |
---------------+-------------------------------------+-----
Stealth        | 2 3 4 5 6 |  6.7
Dodging        | 3 4 5 6 7 8 |  8.1
Fighting       | 1 2 3 5 6 7 9 |  9.8
Armour         | 1 2 3 4 5 6 |  6.8
Spellcasting   | 4 5 6 7 8 |  8.5
Invocations    | 1 2 4 5 |  5.8

Action                   |  1- 3 |  4- 6 |  7- 9 | 10-12 || total
-------------------------+-------+-------+-------+-------++-------
Melee: Mace              |     6 |       |       |       ||     6
       Staff             |       |     6 |       |     6 ||    12
 Cast: Magic Dart        |    71 |   103 |    88 |   107 ||   369
       Searing Ray       |       |    13 |     9 |       ||    22
       Fulminant Prism   |       |       |    16 |    55 ||    71
       Iskenderun's Myst |       |       |    27 |   104 ||   131
       Inner Flame       |       |       |     7 |    10 ||    17
       Tukima's Dance    |       |       |     2 |    17 ||    19
       Freezing Cloud    |       |       |       |     6 ||     6
  Use: Potion            |       |     3 |       |     6 ||     9
       Scroll            |       |       |       |    13 ||    13
Armor: Robe              |     1 |     8 |       |       ||     9
       Leather armour    |       |     1 |     2 |     7 ||    10
       Steam dragon scal |       |       |       |     5 ||     5
Dodge: Dodged            |     9 |    19 |    13 |    58 ||    99
